 Dungeon Crawl Stone Soup version 0.19-a0-277-g85cb9a5 (webtiles) character file.

10156 epen the Spear-Bearer (level 11, -9/87 HPs)
             Began as a Merfolk Chaos Knight on May 26, 2016.
             Mangled by a hill giant
             ... wielding a +0 giant club
              (22 damage)
             ... on level 10 of the Dungeon.
             The game lasted 00:19:32 (10937 turns).

epen the Spear-Bearer (Merfolk Chaos Knight)       Turns: 10937, Time: 00:19:32

Health: -9/87      AC: 13    Str: 15    XL:     11   Next: 57%
Magic:  15/15      EV: 15    Int: 12    God:    Xom [.*....]
Gold:   311        SH:  0    Dex: 16    Spells: 1 memorised, 8 levels left

rFire  . . .     SeeInvis +     p - +3 spear (chaos)
rCold  + . .     Gourm    .     N - +0 chain mail {MR+}
rNeg   . . .     Faith    .     (no shield)
rPois  .         Spirit   .     L - +0 hat {SInv}
rElec  .         Dismiss  .     J - +0 cloak
rCorr  .         Reflect  .     (no gloves)
SustAt .         Harm     .     a - +0 pair of boots
MR     ++...                    (no amulet)
Stlth  ..........               w - ring of protection from cold
                                j - +4 ring of evasion

@: very resistant to hostile enchantments, extremely unstealthy
A: change form in water, swift swim, claws 1, thin skeletal structure 1, blink,
magic resistance 1, wild magic 1
a: Blink, Renounce Religion


You were on level 10 of the Dungeon.
You worshipped Xom.
You were a plaything of Xom.
You were not hungry.

You visited 1 branch of the dungeon, and saw 10 of its levels.

You collected 487 gold pieces.
You spent 176 gold pieces at shops.

Inventory:

Hand Weapons
 p - a +3 spear of chaos (weapon)
Armour
 a - a +0 pair of boots (worn)
 b - a +2 leather armour
 l - a +0 scale mail of poison resistance
 J - a +0 cloak (worn)
 L - a +0 hat of see invisible (worn)
 N - a +0 chain mail of magic resistance (worn)
Jewellery
 j - a +4 ring of evasion (left claw)
 w - a ring of protection from cold (right claw)
 E - an uncursed ring of fire
 O - an uncursed ring of resist corrosion {unknown}
 P - a cursed amulet of inaccuracy {unknown}
Wands
 r - a wand of disintegration (8/24)
 t - a wand of confusion (34/48)
 R - a wand of disintegration (15/24)
 S - a wand of iceblast (5/15)
Scrolls
 e - 3 scrolls of enchant weapon
 g - 2 scrolls of identify
 n - a scroll of teleportation
 q - 2 scrolls of random uselessness
 v - a scroll of blinking
 y - 2 scrolls of magic mapping
 H - a scroll of immolation
 I - 2 scrolls of remove curse
Potions
 f - 2 potions of haste
 h - a potion of agility {unknown}
 i - a potion of ambrosia
 k - a potion of might {unknown}
 m - a potion of berserk rage {unknown}
 x - a potion of heal wounds
 z - 2 potions of invisibility {unknown}
 A - a potion of beneficial mutation {unknown}
 C - 3 potions of magic
 D - 2 potions of cancellation
 F - a potion of brilliance
 G - a potion of resistance {unknown}
 K - a potion of cure mutation {unknown}
 M - a potion of curing
Books
 o - a book of Air

   Spells                             Type                      Level
   a - Shock                          Conjuration/Air              1
   b - Swiftness                      Charms/Air                   2
   c - Repel Missiles                 Charms/Air                   2
   d - Static Discharge               Conjuration/Air              3
   e - Lightning Bolt                 Conjuration/Air              5
Miscellaneous
 B - a box of beasts {used: 2}
 Q - a lamp of fire
Comestibles
 c - 3 bread rations
 d - 2 chunks of flesh
 s - 3 fruits
 u - 2 meat rations


   Skills:
 + Level 8.7 Fighting
 * Level 13.5 Polearms
 * Level 7.5 Armour
 + Level 9.5 Dodging
 + Level 6.1 Evocations


You had 8 spell levels left.
You knew the following spells:

 Your Spells              Type           Power        Failure   Level  Hunger
a - Repel Missiles        Chrm/Air       #.....       100%        2    ###....


Dungeon Overview and Level Annotations

Branches:
Dungeon (10/15)            Temple (0/1) D:7             Orc (0/2) D:10
   Lair: D:8-11

Altars:
Ashenzari
Cheibriados
Elyvilon
Gozag
Pakellas
Sif Muna
Ukayaw
Vehumet
Xom
Yredelemnul
Zin

Shops:
D:9 !


Innate Abilities, Weirdness & Mutations

You revert to your normal form in water.
You are very nimble and swift while swimming.
You have sharp fingernails.
You have a somewhat thin skeletal structure. (Dex +2, Stealth)
You can translocate small distances at will.
You are resistant to hostile enchantments. (MR+)
Your spells are a little harder to cast, but a little more powerful.


Message History

The hill giant barely misses you.
You puncture the hill giant!
The hill giant is poisoned.
The hill giant is heavily wounded.
You puncture the hill giant! You freeze the hill giant.
The hill giant is severely wounded.
The hill giant barely misses you.
You hit the hill giant.
The hill giant looks even sicker.
The hill giant is severely wounded.
You hit the hill giant.
You heal the hill giant.
The hill giant is heavily wounded.
Xom thinks this is hilarious!
The hill giant is heavily wounded.
The hill giant hits you with a giant club!
* * * LOW HITPOINT WARNING * * *
Unknown command.
You hit the hill giant but do no damage.
The hill giant is heavily wounded. "Serve the mortal, my children!"
The hill giant hits you with a giant club!!
You die...

###.....#####.# #.##.##.# ##.
#.#...##...##.# #.##.##.# #.
#.#..###...##.#####.##.##.# #.
#....# #...##.......##.##.######.
#....###..>#####.#####...........
#..........# #.# ####.#######
...........# #5# #.# ##..######.#
#5# .# #..# #.# #@# ##.# #..#
#.#####C#### #..# ##..#
#.....555..# #.## ....#
#######....# #.# ##.## ####.# #.#
#.# #.# #.# ##.## #.####.### ###
#...# #.##.....# ##.. #.#.###
#.##.#.#.###...


You could see a hill giant, a friendly iron imp, a friendly quasit, 2 friendly
crimson imps and a friendly ufetubus.

Vanquished Creatures
  Gastronok (D:9)
  Erolcha (D:10)
  A centaur warrior (D:9)
  Pikel (D:7)
  Maurice (D:8)
  An orange demon (D:5)
  A two-headed ogre (D:8)
  Sigmund (D:4)
  4 hill giant zombies (D:10)
  2 wraiths (D:10)
  A basilisk (shapeshifter) (D:7)
  2 hungry ghosts (D:10)
  2 hippogriffs
  Edmund (D:5)
  A soldier ant (shapeshifter) (D:8)
  2 orc warriors
  2 ice beasts (D:5)
  4 phantoms
  7 ogres
  2 centaurs
  4 giant frogs
  3 scorpions
  2 troll zombies (D:10)
  13 killer bees
  4 crimson imps
  2 centaur zombies
  2 giant frog zombies
  7 orc wizards
  8 hounds
  2 centaur skeletons
  2 jellies
  3 giant frog skeletons
  9 worker ants
  3 ogre zombies (D:10)
  A hound zombie (D:8)
  A hound skeleton (D:6)
  2 worker ant zombies
  7 gnolls
  13 adders
  4 shadow imps
  An ooze (D:4)
  3 adder skeletons
  An adder zombie (D:7)
  2 worms
  3 dart slugs
  3 giant geckos
  23 orcs
  2 ball pythons
  11 bats
  4 giant cockroaches
  5 goblins
  8 hobgoblins
  22 jackals
  7 kobolds
  5 quokkas
  A giant gecko skeleton (D:5)
  A giant gecko zombie (D:9)
  6 giant newts
  3 goblin skeletons (D:10)
  4 goblin zombies (D:10)
  4 hobgoblin zombies (D:10)
  13 orc zombies (D:10)
  6 rats
268 creatures vanquished.

Vanquished Creatures (collateral kills)
  An orc warrior (D:7)
  An ice beast (D:10)
  An orc wizard (D:7)
  An orc priest (D:7)
  A worker ant (D:10)
  An orc (D:7)
  An orc zombie (D:10)
7 creatures vanquished.

Vanquished Creatures (others)
  A sphinx (D:7)
  Dowan (D:7)
  3 slaves (D:7)
  A centaur (D:7)
  A giant frog (D:7)
  A howler monkey (D:10)
  A hound zombie (D:6)
  3 orcs
  2 quokkas (D:7)
14 creatures vanquished.

Grand Total: 289 creatures vanquished

Notes
Turn   | Place    | Note
--------------------------------------------------------------
     0 | D:1      | epen the Merfolk Chaos Knight began the quest for the Orb.
     0 | D:1      | Reached XP level 1. HP: 18/18 MP: 1/1
   174 | D:1      | Reached XP level 2. HP: 24/24 MP: 2/2
   251 | D:1      | Reached skill level 1 in Armour
   720 | D:2      | Reached XP level 3. HP: 29/29 MP: 3/3
   840 | D:2      | XOM: harmless Tloc miscast
   951 | D:2      | XOM: harmless Chrm miscast
  1425 | D:3      | Found a radiant altar of Vehumet.
  1500 | D:3      | Found a shimmering altar of Xom.
  1510 | D:3      | XOM: divination: detect creatures
  1596 | D:3      | Reached skill level 5 in Polearms
  1596 | D:3      | Reached XP level 4. HP: 23/37 MP: 4/4
  1600 | D:3      | Found a deep blue altar of Sif Muna.
  1983 | D:3      | Reached XP level 5. HP: 40/42 MP: 5/5
  1996 | D:3      | XOM: silly message
  2180 | D:4      | XOM: harmless Pois miscast
  2260 | D:4      | XOM: smoke on damage
  2503 | D:4      | Reached skill level 6 in Polearms
  2503 | D:4      | Reached XP level 6. HP: 48/49 MP: 6/6
  2745 | D:4      | Noticed Sigmund
  2752 | D:4      | Killed Sigmund
  2752 | D:4      | Reached skill level 1 in Evocations
  2752 | D:4      | Reached XP level 7. HP: 55/55 MP: 7/7
  2773 | D:4      | XOM: enchant monster (good)
  2844 | D:4      | Reached skill level 5 in Fighting
  2844 | D:4      | Reached skill level 7 in Polearms
  3000 | D:4      | XOM: silly message
  3058 | D:4      | Reached skill level 5 in Dodging
  3203 | D:5      | Entered Level 5 of the Dungeon
  3505 | D:5      | Reached XP level 8. HP: 62/62 MP: 9/9
  3536 | D:5      | Found a basalt altar of Yredelemnul.
  3545 | D:5      | Reached skill level 8 in Polearms
  3660 | D:5      | XOM: silly message
  3691 | D:5      | XOM: enchant monster (good)
  3888 | D:5      | XOM: vitrification
  3896 | D:5      | XOM: harmless Conj miscast
  3937 | D:5      | Noticed Grinder
  3940 | D:5      | XOM: fog
  3948 | D:5      | Paralysed by something for 6 turns
  3954 | D:5      | HP: 3/64 [something (6)]
  3965 | D:5      | Paralysed by something for 7 turns
  3976 | D:5      | Paralysed by something for 7 turns
  4314 | D:5      | Noticed Edmund
  4320 | D:5      | Killed Edmund
  4355 | D:5      | Found an opulent altar of Gozag.
  4596 | D:5      | Found a hide-covered altar to Ukayaw.
  4668 | D:5      | Paralysed by Grinder for 5 turns
  4670 | D:5      | Noticed Grinder
  4670 | D:5      | Grinder changed into Grinder the hellwing
  4670 | D:5      | XOM: polymorph Grinder -> Grinder the hellwing
  4671 | D:5      | XOM: scenery: create altars
  4674 | D:5      | Noticed Grinder
  4674 | D:5      | Grinder the hellwing changed into Grinder the orange demon
  4683 | D:5      | XOM: summons friendly white imp
  4691 | D:5      | Killed Grinder the orange demon
  4691 | D:5      | Reached skill level 9 in Polearms
  4886 | D:5      | XOM: give mutation
  4886 | D:5      | Gained mutation: Your spells are a little harder to cast, but a little more powerful. [Xom's grace]
  4892 | D:5      | Reached XP level 9. HP: 35/69 MP: 11/11
  5092 | D:6      | XOM: noise
  5237 | D:6      | Found a snail-covered altar of Cheibriados.
  5261 | D:6      | Found a glowing silver altar of Zin.
  5261 | D:6      | XOM: scenery: 1 doors open
  5294 | D:6      | XOM: fog
  5382 | D:6      | Learned a level 2 spell: Repel Missiles
  5483 | D:6      | Reached skill level 10 in Polearms
  5561 | D:6      | Reached skill level 5 in Armour
  5765 | D:6      | XOM: give mutations
  5765 | D:6      | Gained mutation: You have a pair of small antennae on your head. [Xom's grace]
  5765 | D:6      | Gained mutation: You are resistant to hostile enchantments. (MR+) [Xom's grace]
  5896 | D:6      | XOM: scenery: 1 doors close
  6115 | D:7      | XOM: god gift: silver ring {god gift}
  6265 | D:7      | Gained mutation: You tend to lose your temper in combat. [potion of mutation]
  6265 | D:7      | Gained mutation: You can translocate small distances at will. [potion of mutation]
  6273 | D:7      | Gained mutation: You have a somewhat thin skeletal structure. (Dex +2, Stealth) [potion of mutation]
  6329 | D:7      | Found an oddly glowing altar of Pakellas.
  6330 | D:7      | Noticed a sphinx
  6331 | D:7      | XOM: vitrification
  6339 | D:7      | XOM: vitrification
  6349 | D:7      | Noticed Pikel
  6349 | D:7      | Killed a sphinx
  6355 | D:7      | XOM: scenery: 1 doors close
  6360 | D:7      | Killed Pikel
  6422 | D:7      | Reached skill level 11 in Polearms
  6422 | D:7      | Reached XP level 10. HP: 41/79 MP: 13/13
  6436 | D:7      | XOM: summons 9 friendly demons
  6747 | D:7      | Killed Dowan
  6893 | D:7      | XOM: scenery: create altars
  7153 | D:7      | Found a staircase to the Ecumenical Temple.
  7243 | D:7      | Found a shattered altar of Ashenzari.
  7274 | D:7      | XOM: give mutations
  7274 | D:7      | Gained mutation: Your body sometimes deteriorates upon taking damage. [Xom's mischief]
  7274 | D:7      | Lost mutation: You are resistant to hostile enchantments. (MR+) [Xom's mischief]
  7413 | D:7      | XOM: give mutations
  7413 | D:7      | Lost mutation: Your body sometimes deteriorates upon taking damage. [Xom's mischief]
  7413 | D:7      | Lost mutation: You tend to lose your temper in combat. [Xom's mischief]
  7413 | D:7      | Gained mutation: You are resistant to hostile enchantments. (MR+) [Xom's mischief]
  7413 | D:7      | Gained mutation: You have sharp fingernails. [Xom's mischief]
  7430 | D:7      | XOM: scenery: create altars
  7580 | D:8      | XOM: summons 2 hostile demons
  7589 | D:8      | XOM: enchant monster (good)
  7694 | D:8      | Found a white marble altar of Elyvilon.
  7694 | D:8      | XOM: 7-stop teleportation journey
  7695 | D:8      | Noticed Maurice
  7718 | D:8      | Killed Maurice
  7821 | D:8      | XOM: silly message
  7841 | D:8      | XOM: medium Tmut miscast
  7916 | D:8      | Lost mutation: You have a pair of small antennae on your head. [mutagenic meat]
  8060 | D:8      | Reached skill level 12 in Polearms
  8060 | D:8      | Reached skill level 5 in Evocations
  8062 | D:8      | XOM: mild Fire miscast
  8555 | D:8      | XOM: enchant monster (bad)
  8567 | D:8      | XOM: polymorph killer bee -> gnoll
  8570 | D:8      | XOM: polymorph gnoll -> bat
  8690 | D:9      | XOM: harmless Chrm miscast
  8723 | D:9      | Noticed Gastronok
  8740 | D:9      | XOM: 1-stop teleportation journey
  8779 | D:9      | XOM: destruction
  8796 | D:9      | XOM: summons friendly white imp
  8812 | D:9      | Killed Gastronok
  8812 | D:9      | Reached XP level 11. HP: 54/86 MP: 13/15
  8823 | D:9      | XOM: polymorph white imp -> ufetubus
  8825 | D:9      | XOM: harmless Divn miscast
  8901 | D:9      | XOM: harmless Air miscast
  8974 | D:9      | Found Wuuge's Distillery.
  8983 | D:9      | Bought a potion of curing for 48 gold pieces
  8983 | D:9      | Bought a potion of curing for 48 gold pieces
  8983 | D:9      | Bought a potion of heal wounds for 80 gold pieces
  8984 | D:9      | XOM: 1-stop teleportation journey
  9044 | D:9      | Noticed a centaur warrior
  9062 | D:9      | XOM: medium Summ miscast
  9063 | D:9      | Noticed a soul eater
  9065 | D:9      | XOM: confuse monster(s)
  9073 | D:9      | Killed a centaur warrior
  9202 | D:9      | XOM: harmless Pois miscast
  9698 | D:10     | Entered Level 10 of the Dungeon
  9745 | D:10     | XOM: destruction
  9746 | D:10     | XOM: god gift: fizzy puce potion {god gift}
  9754 | D:10     | Reached skill level 13 in Polearms
  9789 | D:10     | Noticed Erolcha
  9798 | D:10     | XOM: scenery: create altars
  9808 | D:10     | Killed Erolcha
  9931 | D:10     | XOM: scenery: create altars
  9939 | D:10     | Found a staircase to the Orcish Mines.
  9946 | D:10     | XOM: fog
 10022 | D:10     | XOM: 7-stop teleportation journey
 10033 | D:10     | XOM: polymorph scorpion -> howler monkey
 10042 | D:10     | XOM: divine lightning (protected)
 10055 | D:10     | HP: 1/87 [hill giant zombie (12)]
 10096 | D:10     | XOM: god gift: box of beasts
 10441 | D:10     | XOM: cast spell 'Spider Form'
 10874 | D:10     | Noticed a hill giant
 10875 | D:10     | XOM: 3-stop teleportation journey
 10905 | D:10     | XOM: enchant monster (good)
 10922 | D:10     | XOM: torment (44/87 hp)
 10937 | D:10     | XOM: summons 5 friendly demons
 10937 | D:10     | Mangled by a hill giant

Vault maps used:
D:1:      minmay_arrival_widening_spiral_wide
D:2:      first_bread
D:3:      tgw_sif, lemuel_doored_altar, minmay_crystal_water, minivault_26,
          tgw_xom
D:4:      uniq_sigmund
D:5:      nicolae_overflow_hidden_temple, nicolae_overflow_crystal_walls,
          yredelemnul_altar_generic, uniq_grinder, uniq_edmund
D:6:      slow_altar_2, kennysheep_little_box
D:7:      gammafunk_pakellas_spire_experiment, marbit_many_paths,
          minmay_temple_entry_statues_pillars, uniq_duvessa, uniq_pikel
D:8:      lemuel_coloured_pillars_altar, uniq_maurice
D:9:      serial_shops, nicolae_shop_trees, uniq_gastronok
D:10:     zombieorc2_lemuel, uniq_erolcha

Skill      XL: |  1  2  3  4  5  6  7  8  9 10 11 |
---------------+----------------------------------+-----
Dodging        | 3 4 5 6 7 8 9 |  9.5
Armour         | 1 2 3 4 5 6 7 |  7.5
Fighting       | 4 5 6 7 8 |  8.7
Polearms       | 5 6 7 9 11 12 13 | 13.5
Evocations     | 1 2 3 4 5 6 |  6.1

Action                   |  1- 3 |  4- 6 |  7- 9 | 10-12 || total
-------------------------+-------+-------+-------+-------++-------
Melee: Spear             |   157 |   131 |   428 |   755 ||  1471
       Tailslap          |     2 |       |       |       ||     2
       Unarmed           |       |       |       |     4 ||     4
Evoke: Box of beasts     |       |       |       |     2 ||     2
  Use: Potion            |       |       |     8 |     6 ||    14
       Scroll            |       |       |    16 |     5 ||    21
 Stab: Sleeping          |     3 |     1 |     1 |       ||     5
       Paralysed         |     1 |     8 |     5 |     6 ||    20
       Petrifying        |       |       |     3 |     4 ||     7
       Petrified         |       |       |     2 |     3 ||     5
       Confused          |       |       |       |     9 ||     9
  Eat: Chunk             |     2 |     4 |    12 |    12 ||    30
       Beef jerky        |       |       |       |     3 ||     3
       Royal jelly       |       |       |       |     1 ||     1
Armor: Leather armour    |    33 |    14 |    44 |       ||    91
       Scale mail        |       |       |     6 |    47 ||    53
       Chain mail        |       |       |       |    58 ||    58
Dodge: Dodged            |    83 |    59 |   213 |   273 ||   628
